 Dungeon Crawl Stone Soup version 0.28-a0-1447-ga5a8893891 (webtiles) character file.

Game seed: 8983214110106275345

1923 HallandMoats the Skirmisher (level 8, -2/74 HPs)
             Began as a Minotaur Fighter on Jan 11, 2022.
             Was a Follower of Okawaru.
             Slain by an orc warrior (9 damage)
             ... on level 8 of the Dungeon.
             The game lasted 00:05:32 (5329 turns).

HallandMoats the Skirmisher (Minotaur Fighter)      Turns: 5329, Time: 00:05:33

Health: -2/74      AC:  9    Str: 23    XL:     8   Next: 96%
Magic:  0/9        EV: 14    Int:  5    God:    Okawaru [*.....]
Gold:   227        SH:  6    Dex: 10    Spells: 7/7 levels left

rFire   . . .      SeeInvis +   a - +0 hand axe (freeze)
rCold   . . .      Faith    .   c - +0 buckler
rNeg    . . .      Spirit   +   t - +0 steam dragon scales
rPois   .          Reflect  .   (helmet restricted)
rElec   .          Harm     .   p - +0 cloak
rCorr   .          Rampage  .   (no gloves)
Will    .....                   (no boots)
Stlth   +++.......              r - amulet of guardian spirit
HPRegen 0.22/turn               w - ring of see invisible
MPRegen 0.11/turn               (no ring)

@: heroic
A: horns 2, retaliatory headbutt
a: Renounce Religion, Heroism


You were on level 8 of the Dungeon.
You worshipped Okawaru.
Okawaru was aware of your devotion.
You visited 2 branches of the dungeon, and saw 7 of its levels.

You collected 227 gold pieces.

Inventory:

Hand Weapons
 a - a +0 hand axe of freezing (weapon)
 b - a +2 rapier of venom
Missiles
 q - 2 throwing nets (quivered)
Armour
 c - a +0 buckler (worn)
 p - a +0 cloak (worn)
 t - +0 steam dragon scales (worn)
Jewellery
 h - a ring of ice
 r - an amulet of guardian spirit (around neck)
 w - a ring of see invisible (left hand)
 B - an amulet of reflection
Wands
 o - a wand of flame (24)
 v - a wand of iceblast (4)
Scrolls
 f - a scroll of enchant armour {unknown}
 i - 6 scrolls of identify {unknown}
 j - a scroll of enchant weapon {unknown}
 m - 2 scrolls of teleportation {unknown}
 u - a scroll of fog {unknown}
 x - a scroll of amnesia {unknown}
 y - a scroll of brand weapon {unknown}
 C - a scroll of fear {unknown}
Potions
 d - a potion of might
 e - 3 potions of brilliance {unknown}
 g - 2 potions of mutation {unknown}
 k - a potion of berserk rage {unknown}
 l - 3 potions of curing {unknown}
 n - 2 potions of degeneration {unknown}
 s - a potion of cancellation {unknown}
 z - a potion of haste {unknown}
 A - a potion of resistance {unknown}


   Skills:
 * Level 7.8(12.8) Fighting
 * Level 7.3(12.3) Axes
 + Level 6.0(11.0) Armour
 + Level 4.3(9.3) Dodging
 + Level 6.1(11.1) Shields
 * Level 3.9 Invocations


You had 7 spell levels left.
You didn't know any spells.
Your spell library contained the following spells:

 Spells                   Type           Power      Damage    Failure   Level
 Magic Dart               Conj           0%         1d3       54%         1
 Searing Ray              Conj           0%         2d4       67%         2
 Fulminant Prism          Conj/Hex       0%         3d6       99%         4
 Summon Small Mammal      Summ           Unusable   N/A       N/A         1
 Call Canine Familiar     Summ           Unusable   N/A       N/A         3
 Summon Guardian Golem    Hex/Summ       Unusable   N/A       N/A         3

Dungeon Overview and Level Annotations

Branches:
Dungeon (8/15)             Temple (1/1) D:7
   Lair: D:8-11

Altars:
Ashenzari
Dithmenos
Elyvilon
Gozag
Hepliaklqana
Makhleb
Okawaru
Qazlal
Ru
Sif Muna
Uskayaw
Vehumet
Wu Jian
Xom
Yredelemnul
Zin
The Shining One

Shops:
D:2 *   D:3 =


Innate Abilities, Weirdness & Mutations

You have a pair of horns on your head.
You reflexively headbutt those who attack you in melee.


Message History

The orc wizard casts a spell at you. The puff of flame hits you.
The orc warrior hits you with a +0 long sword!
You barely miss the orc warrior. You headbutt the orc warrior.
The orc warrior is severely wounded.
You hit the orc wizard but do no damage.
The orc wizard points at you and mumbles some strange words.
You are confused.
The orc warrior hits you but does no damage.
You slash the orc wizard! You freeze the orc wizard.
You kill the orc wizard!
Okawaru accepts your kill.
You closely miss the orc warrior.
The orc warrior hits you with a +0 long sword.
You bump into the rock wall.
The orc warrior hits you with a +0 long sword!
You bump into the rock wall.
The orc warrior barely misses you.
You bump into the rock wall.
The orc warrior hits you with a +0 long sword!
You hit the orc warrior but do no damage.
The orc warrior is heavily wounded.
The orc warrior hits you with a +0 long sword!!
* * * LOW HITPOINT WARNING * * *
You bump into the rock wall.
You feel less confused.
The orc warrior hits you with a +0 long sword!
* * * LOW HITPOINT WARNING * * *
You hit the orc warrior but do no damage.
The orc warrior is heavily wounded.
You block the orc warrior's attack.
You gain the combat prowess of a mighty hero.
The orc warrior hits you with a +0 long sword.
* * * LOW HITPOINT WARNING * * *
You hit the orc warrior. You freeze the orc warrior.
Your headbutt misses the orc warrior.
The orc warrior is severely wounded.
You closely miss the orc warrior. You headbutt the orc warrior.
The orc warrior is almost dead.
The orc warrior hits you with a +0 long sword!
You die...

.................#
##...............#
##...............#
#...รท............#
+..<.............#
#................#
#......##....##..#
#......##....##..#
#............+.o@#
#............#.).#
#......##+#####.)#
#......# #..# ..
#..# .. #..# #..#
#..# #..+


You could see an orc warrior.

Vanquished Creatures
  A hydra (D:8)
  Sigmund (D:2)
  A steam dragon (D:7)
  An orc warrior (D:7)
  A black bear (D:7)
  2 sky beasts
  A bullfrog (D:7)
  A bullfrog zombie (D:7)
  A jelly (D:4)
  An orc priest (D:8)
  Crazy Yiuf (D:2)
  A centaur skeleton (D:7)
  Terence (D:3)
  Natasha (twice) (D:3)
  3 iguanas
  2 orc wizards
  A killer bee zombie (D:8)
  A howler monkey skeleton (D:7)
  3 adders
  11 gnolls
  2 worms
  2 dart slugs
  9 orcs
  2 endoplasms (D:1)
  4 giant cockroaches
  3 goblins
  2 hobgoblins
  7 kobolds
  6 quokkas
  5 ball pythons
  6 bats
  9 rats
94 creatures vanquished.

Notes
Turn   | Place    | Note
-------+----------+-------------------------------------------
     0 | D:1      | HallandMoats the Minotaur Fighter began the quest for the
                  | Orb.
     0 | D:1      | Reached XP level 1. HP: 19/19 MP: 0/0
   399 | D:1      | Reached XP level 2. HP: 27/27 MP: 1/1
   872 | D:2      | Found Jafes's General Store.
   896 | D:2      | Reached XP level 3. HP: 21/33 MP: 2/2
  1065 | D:2      | Noticed Sigmund
  1076 | D:2      | Killed Sigmund
  1077 | D:2      | Reached skill level 5 in Fighting
  1077 | D:2      | Reached XP level 4. HP: 30/42 MP: 3/3
  1077 | D:2      | Reached XP level 5. HP: 35/48 MP: 4/4
  1592 | D:2      | Found a runed translucent door.
  1593 | D:2      | Noticed Crazy Yiuf
  1747 | D:2      | Found a faded altar of an unknown god.
  2033 | D:2      | Killed Crazy Yiuf
  2034 | D:2      | Reached XP level 6. HP: 53/56 MP: 5/5
  2155 | D:3      | Noticed Natasha
  2162 | D:3      | Killed Natasha
  2272 | D:3      | Found Isajagawk's Jewellery Emporium.
  2278 | D:3      | Noticed Terence
  2288 | D:3      | Killed Terence
  2450 | D:3      | Found a shimmering blue altar of Sif Muna.
  2572 | D:3      | Noticed Natasha
  2582 | D:3      | Killed Natasha
  2583 | D:3      | Reached skill level 5 in Axes
  3220 | D:4      | Reached XP level 7. HP: 52/62 MP: 6/6
  3444 | D:4      | You fall into a shaft and drop 3 floors!
  3464 | D:7      | Found a staircase to the Ecumenical Temple.
  3484 | Temple   | Entered the Ecumenical Temple
  3495 | Temple   | Reached skill level 5 in Armour
  3495 | Temple   | Reached skill level 5 in Shields
  3745 | Temple   | Became a worshipper of Warmaster Okawaru
  3790 | D:7      | Noticed a steam dragon
  3794 | D:7      | Killed a steam dragon
  3795 | D:7      | Reached skill level 1 in Invocations
  4167 | D:7      | Reached * piety under Okawaru
  4264 | D:7      | Reached XP level 8. HP: 69/71 MP: 8/8
  4906 | D:8      | Noticed a four-headed hydra
  4920 | D:8      | Killed a four-headed hydra
  5329 | D:8      | Slain by an orc warrior

Illustrated notes

Levels and vault maps discovered:
D:1:      scummos_arrival_star, layout_basic, minmay_quantized
D:2:      layout_rooms, ebering_ecumenical_altar_webs, serial_rivers,
          chequers_serial_rivers_large_a, chequers_serial_rivers_micro_c,
          chequers_serial_rivers_marsh, chequers_serial_rivers_room_b,
          chequers_serial_rivers_large_b, serial_shops, shop,
          minmay_tromino_v4_c, uniq_crazy_yiuf_cottage, uniq_sigmund
D:3:      cheibrodos_helix_gallery, layout_rooms, nicolae_sif_muna_condensation,
          serial_shops, shop, uniq_terence, uniq_natasha
D:4:      layout_layer_cave, uniq_blork_the_orc
D:7:      layout_loops_ring, minmay_temple_entry_junction_2, minivault_10,
          minmay_misc_feat_pillars, minmay_strange_pillars
D:8:      layout_gridville
Temple:   kb_temple_of_zot

Skill      XL: |  1  2  3  4  5  6  7  8 |
---------------+-------------------------+-----
Fighting       | 4 5 6 7 |  7.8
Axes           | 3 4 5 6 7 |  7.3
Armour         | 4 5 6 |  6.0
Dodging        | 2 3 4 |  4.3
Shields        | 4 5 6 |  6.1
Invocations    | 2 3 |  3.9

Action                   |  1- 3 |  4- 6 |  7- 9 || total
-------------------------+-------+-------+-------++-------
Melee: War axe           |    52 |   103 |    47 ||   202
       Headbutt          |     4 |    17 |    23 ||    44
       Hand axe          |       |       |    37 ||    37
       Rapier            |       |       |     8 ||     8
Invok: Heroism           |       |       |     2 ||     2
Armor: Scale mail        |    17 |    42 |    14 ||    73
       Steam dragon scal |       |       |    25 ||    25
Dodge: Dodged            |    20 |    74 |    61 ||   155
Block: Buckler           |    12 |    37 |    14 ||    63

Table legend: (Time is in decaauts)
 A = Elapsed time spent in this place.
 B = Non-inter-level travel time spent in this place.
 C = Inter-level travel time spent in this place.
 D = Time resting spent in this place.
 E = Time spent auto-exploring this place.
 F = Levels seen in this place.
 G = Mean time per level.
                   A        B        C        D        E       F      G
               +--------+--------+--------+--------+--------+-----+--------+
         Total |   5433 |   5279 |    154 |      0 |   4397 |   7 |  776.1 |
       Dungeon |   5151 |   5014 |    137 |      0 |   4164 |   6 |  858.5 |
        Temple |    282 |    265 |     17 |      0 |    233 |   1 |  282.0 |
               +--------+--------+--------+--------+--------+-----+--------+

Top non-repeatable levels by time:
     D:2: 1296 daAuts
     D:7: 1191 daAuts
     D:1: 876 daAuts
     D:3: 804 daAuts
     D:4: 562 daAuts
     D:8: 420 daAuts
  Temple: 282 daAuts
